 Dungeon Crawl Stone Soup version 0.31-a0-175-g9f7f995f2b (webtiles) character file.

Game seed: 11736316027441304526

15526 qw the Skirmisher (level 12, -7/114 HPs)
             Began as a Naga Hunter on June 17, 2023.
             Was an Elder of Okawaru.
             Mangled by a tyrant leech (21 damage)
             ... on level 1 of the Lair of Beasts.
             The game lasted 00:05:20 (12218 turns).

qw the Skirmisher (Naga Hunter)                    Turns: 12218, Time: 00:05:20

Health: -7/114     AC: 19    Str: 14    XL:     12   Next: 27%
Magic:  16/16      EV: 14    Int: 11    God:    Okawaru [****..]
Gold:   671        SH:  0    Dex: 20    Spells: 11/11 levels left

rFire   + . .        Y - +2 orcbow
rCold   + . .        (shield currently unavailable)
rNeg    . . .        k - +3 leather armour {rC+}
rPois   +            a - +0 helmet
rElec   .            i - +0 cloak
rCorr   +            (no gloves)
SInv    +            d - +1 barding of Cyw Esed {Will+ Dex+2}
Will    ++...        c - amulet of faith
Stlth   +++          b - ring of resist corrosion
HPRegen 0.39/turn    s - ring of protection from fire
MPRegen 0.15/turn

%: faith
@: heroic, very slow
A: AC +4, large, see invisible, deformed body, poison resistance, slowness 2,
spit poison 1, naga tail 1
a: Spit Poison, Renounce Religion, Heroism, Finesse


You were on level 1 of the Lair of Beasts.
You worshipped Okawaru.
Okawaru was greatly pleased with you.
You visited 2 branches of the dungeon, and saw 12 of its levels.
You also visited: Ossuary.

You collected 671 gold pieces.


Innate Abilities, Weirdness & Mutations

Your serpentine skin is tough. (AC +4)
You have supernaturally acute eyesight. (SInv)
Armour fits poorly on your strangely shaped body.
Your system is resistant to poisons. (rPois)
You cover ground very slowly.
You can spit poison.
You have a snake-like lower body.


   Skills:
 + Level 9.0(14.0) Fighting
 - Level 14.0(19.0) Ranged Weapons
 - Level 4.2(9.2) Armour
 - Level 5.2(10.2) Dodging
 - Level 1.5(6.5) Stealth
 + Level 5.8 Invocations


You had 11 spell levels left.
You didn't know any spells.
Your spell library was empty.

Inventory:

Hand Weapons
 Y - a +2 orcbow (weapon)
Armour
 a - a +0 helmet (worn)
 d - the +1 barding of Cyw Esed (worn) {Will+ Dex+2}
   (You acquired it on level 8 of the Dungeon)

   Dex:       It affects your dexterity (+2).
   Will:      It increases your willpower.
 i - a +0 cloak (worn)
 k - a +3 leather armour of cold resistance (worn)
 n - the +0 robe "Leufoyl" {Int-4 Dex+5}
   (You took it off an orc wizard on level 9 of the Dungeon)

   Int:       It affects your intelligence (-4).
   Dex:       It affects your dexterity (+5).
 o - a +1 leather armour of fire resistance
Jewellery
 b - a ring of resist corrosion (left hand)
 c - an amulet of faith (around neck)
 r - an amulet of regeneration
 s - a ring of protection from fire (right hand)
Scrolls
 f - a scroll of identify
Potions
 e - 2 potions of mutation
 g - a potion of magic
 h - 5 potions of curing
 j - a potion of might
 l - a potion of haste
 m - a potion of enlightenment
 p - 3 potions of cancellation

Dungeon Overview and Level Annotations

Branches:
Dungeon (11/15)            Temple (0/1) D:5            Lair (1/5) D:11
    Orc (0/2) D:9         Ossuary (visited)

Altars:
Ashenzari
Gozag
Hepliaklqana
Kikubaaqudgha
Makhleb
Nemelex Xobeh
Okawaru
Ru
Sif Muna
Trog
Vehumet
Wu Jian
Xom
Zin
Jiyva

Shops:
D:8 *

Annotations:
D:5 2 transporters, qw's ghost, novice GrHu
D:10 3 runed translucent doors, qw's ghost, novice NaHu


Message History

You shoot an arrow.
The arrow hits the tyrant leech but does no damage.
The tyrant leech is lightly wounded.
The swamp worm barely misses you.
You shoot an arrow. The arrow hits the tyrant leech.
The tyrant leech is moderately wounded.
The swamp worm misses you. The tyrant leech bites you!!
The tyrant leech draws strength from your injuries!
You shoot an arrow.
The arrow closely misses the tyrant leech.
The swamp worm barely misses you. The tyrant leech bites you.
The tyrant leech draws strength from your injuries!
You shoot an arrow. The arrow hits the tyrant leech!
The tyrant leech is moderately wounded.
The swamp worm bites you but does no damage.
You shoot an arrow. The arrow hits the tyrant leech!
The tyrant leech is moderately wounded.
The tyrant leech bites you!!
The tyrant leech draws strength from your injuries!
The swamp worm bites you but does no damage.
12213 ||| DRINKING potion of heal wounds.
You feel much better. The swamp worm bites you!
The tyrant leech barely misses you.
You shoot an arrow. The arrow hits the tyrant leech!
The tyrant leech is moderately wounded.
The swamp worm bites you but does no damage.
You shoot an arrow. The arrow hits the tyrant leech.
The tyrant leech is moderately wounded.
The tyrant leech closely misses you. The swamp worm bites you!
You shoot an arrow. The arrow hits the tyrant leech!
The tyrant leech is heavily wounded.
The swamp worm misses you.
You shoot an arrow. The arrow hits the tyrant leech!
The tyrant leech is severely wounded.
The tyrant leech bites you!
The tyrant leech draws strength from your injuries!
You shoot an arrow.
The arrow closely misses the tyrant leech.
The swamp worm barely misses you. The tyrant leech bites you!!
You die...

## ####...##P
.####......... #
###.........../.
#.#######...............
........................
~~~#.............#....#.
~~~~........######.%.P##
#~~~~....### #...###
###~~w@.## ##...#
#~~w.## #....# (~~~~~~##
##...# ~~~#~~~ #...# ~#
#~~~ ##...## ~~~~#
#.....# ~~P# ##)..##
~~## #....P# # ##...##


You could see a tyrant leech and a swamp worm.

Vanquished Creatures
  Josephine (D:11)
  A boulder beetle (D:11)
  A catoblepas (Lair:1)
  3 two-headed ogres
  Amaemon (D:8)
  An ugly thing (D:11)
  Joseph (D:8)
  2 gargoyles
  A kobold demonologist (D:8)
  An orange demon (D:8)
  2 cane toads (Lair:1)
  A komodo dragon (Lair:1)
  2 trolls
  3 hornets
  2 vampires
  A shadow (D:9)
  5 wraiths (D:11)
  A wyvern (D:10)
  Grum (D:9)
  Menkaure (D:6)
  A steam dragon (D:6)
  3 vampire mosquitoes (D:9)
  A warg (D:9)
  A swamp worm (Lair:1)
  3 acid dragons
  2 water moccasins (Lair:1)
  2 ice beasts
  5 orc warriors
  2 black bears
  2 sky beasts
  2 ogres
  4 wolves (D:9)
  3 centaurs
  Blork the orc (D:6)
  2 kobold brigands
  2 bullfrogs
  7 scorpions
  14 wights
  10 killer bees
  A crimson imp (D:7)
  2 centaur zombies (Ossuary)
  5 hounds
  A jelly (D:8)
  A sleepcap (D:6)
  8 orc priests
  5 iguanas
  12 orc wizards
  5 mummies (Ossuary)
  2 gnolls
  7 adders
  3 white imps
  An ufetubus (D:6)
  2 dart slugs
  46 orcs
  2 endoplasms
  2 giant cockroaches
  A gnoll zombie (Ossuary)
  8 goblins
  8 hobgoblins
  10 jackals
  11 kobolds
  6 quokkas
  4 ball pythons
  5 bats
  3 frilled lizards
  2 goblin zombies (Ossuary)
  3 kobold zombies (Ossuary)
  3 rats
268 creatures vanquished.

Vanquished Creatures (others)
  An orc (D:6)
1 creature vanquished.

Grand Total: 269 creatures vanquished

Notes
Turn   | Place    | Note
-------+----------+-------------------------------------------
     0 | D:1      | qw the Naga Hunter began the quest for the Orb.
     0 | D:1      | Reached XP level 1. HP: 19/19 MP: 1/1
     0 | D:1      | 0 ||| qw: Version: 0.3-a-2-g5ab2908
     0 | D:1      | 0 ||| qw: Game counter: 212
     0 | D:1      | 0 ||| qw: Always use a shield: true
     0 | D:1      | 0 ||| qw: God list: Okawaru
     0 | D:1      | 0 ||| qw: Allow faded altars: false
     0 | D:1      | 0 ||| qw: Do Orc after D:15 true
     0 | D:1      | 0 ||| qw: Do second Lair branch before Depths: true
     0 | D:1      | 0 ||| qw: Lair rune preference: random
     0 | D:1      | 0 ||| qw: Plans: Normal
     0 | D:1      | 0 ||| PLANNING D:1-11
    11 | D:1      | 11 ||| INVOKING Spit Poison.
    24 | D:1      | 24 ||| INVOKING Spit Poison.
    59 | D:1      | 59 ||| INVOKING Spit Poison.
    64 | D:1      | 64 ||| INVOKING Spit Poison.
    66 | D:1      | Reached skill level 4 in Ranged Weapons
    66 | D:1      | Reached XP level 2. HP: 12/26 MP: 2/2
   183 | D:1      | 183 ||| INVOKING Spit Poison.
   201 | D:1      | 201 ||| INVOKING Spit Poison.
   206 | D:1      | 206 ||| INVOKING Spit Poison.
   210 | D:1      | 210 ||| INVOKING Spit Poison.
   213 | D:1      | Reached XP level 3. HP: 32/32 MP: 3/3
   216 | D:1      | 216 ||| INVOKING Spit Poison.
   227 | D:1      | 227 ||| INVOKING Spit Poison.
   256 | D:1      | 256 ||| INVOKING Spit Poison.
   289 | D:1      | 289 ||| INVOKING Spit Poison.
   292 | D:1      | 292 ||| INVOKING Spit Poison.
   333 | D:1      | 333 ||| READING 2 scrolls labelled VIACOR WOVA.
   334 | D:1      | 334 ||| INVOKING Spit Poison.
   335 | D:1      | 335 ||| READING scroll labelled NAKAEZXEKHES.
   336 | D:1      | 336 ||| READING scroll labelled GYNYUNW RIUM.
   346 | D:1      | 346 ||| INVOKING Spit Poison.
   350 | D:1      | 350 ||| INVOKING Spit Poison.
   356 | D:1      | 356 ||| INVOKING Spit Poison.
   492 | D:1      | 492 ||| INVOKING Spit Poison.
   495 | D:1      | 495 ||| INVOKING Spit Poison.
   501 | D:1      | 501 ||| INVOKING Spit Poison.
   506 | D:1      | 506 ||| INVOKING Spit Poison.
   591 | D:1      | 591 ||| INVOKING Spit Poison.
   714 | D:1      | 714 ||| UPGRADING to +0 cloak.
   719 | D:1      | 719 ||| DRINKING 2 coppery potions.
   720 | D:1      | 720 ||| DROPPING scroll of fear.
   721 | D:1      | 721 ||| DROPPING scroll of butterflies.
   781 | D:2      | 781 ||| INVOKING Spit Poison.
   791 | D:2      | 791 ||| INVOKING Spit Poison.
   844 | D:2      | 844 ||| INVOKING Spit Poison.
   850 | D:2      | 850 ||| INVOKING Spit Poison.
   865 | D:2      | 865 ||| INVOKING Spit Poison.
   870 | D:2      | Found a faded altar of an unknown god.
  1018 | D:2      | 1018 ||| INVOKING Spit Poison.
  1021 | D:2      | Reached skill level 5 in Ranged Weapons
  1054 | D:2      | 1054 ||| INVOKING Spit Poison.
  1056 | D:2      | Reached XP level 4. HP: 35/39 MP: 4/4
  1060 | D:2      | 1060 ||| INVOKING Spit Poison.
  1063 | D:2      | 1063 ||| INVOKING Spit Poison.
  1173 | D:2      | 1173 ||| INVOKING Spit Poison.
  1221 | D:2      | 1221 ||| INVOKING Spit Poison.
  1312 | D:2      | 1312 ||| DROPPING ring of magical power.
  1313 | D:2      | 1313 ||| READING scroll labelled XEORGH ETOOM.
  1318 | D:2      | 1318 ||| READING scroll labelled RAERAA CAUNNUM.
  1319 | D:2      | 1319 ||| READING scroll labelled MONATEOTAP.
  1320 | D:2      | 1320 ||| READING 3 scrolls labelled PUGE HEASIH.
  1321 | D:2      | 1321 ||| READING 2 scrolls of enchant weapon.
  1321 | D:2      | 1321 ||| ENCHANTING +1 shortbow.
  1322 | D:2      | 1322 ||| READING scroll of enchant weapon.
  1322 | D:2      | 1322 ||| ENCHANTING +2 shortbow.
  1341 | D:3      | 1341 ||| INVOKING Spit Poison.
  1352 | D:3      | 1352 ||| INVOKING Spit Poison.
  1353 | D:3      | 1353 ||| INVOKING Spit Poison.
  1357 | D:3      | 1357 ||| INVOKING Spit Poison.
  1387 | D:3      | 1387 ||| READING scroll of enchant weapon.
  1387 | D:3      | 1387 ||| ENCHANTING +3 shortbow.
  1405 | D:3      | Noticed an ogre
  1406 | D:3      | 1406 ||| INVOKING Spit Poison.
  1410 | D:3      | 1410 ||| INVOKING Spit Poison.
  1410 | D:3      | Killed an ogre
  1411 | D:3      | Reached XP level 5. HP: 50/50 MP: 5/5
  1483 | D:3      | 1483 ||| INVOKING Spit Poison.
  1488 | D:3      | 1488 ||| INVOKING Spit Poison.
  1507 | D:3      | 1507 ||| INVOKING Spit Poison.
  1590 | D:3      | 1590 ||| INVOKING Spit Poison.
  1614 | D:3      | 1614 ||| INVOKING Spit Poison.
  1825 | D:3      | Found a glowing silver altar of Zin.
  1852 | D:3      | 1852 ||| UPGRADING to +0 helmet.
  1857 | D:3      | 1857 ||| DRINKING 2 cyan potions.
  1858 | D:3      | 1858 ||| DROPPING potion of invisibility.
  1887 | D:4      | 1887 ||| PLANNING OSSUARY
  1932 | D:4      | Found a sacrificial altar of Ru.
  1932 | D:4      | Found a broken altar of Ashenzari.
  2048 | D:4      | Found an iron altar of Okawaru.
  2053 | D:4      | 2053 ||| INVOKING Spit Poison.
  2058 | D:4      | Reached XP level 6. HP: 57/57 MP: 6/6
  2060 | D:4      | 2060 ||| INVOKING Spit Poison.
  2064 | D:4      | 2064 ||| INVOKING Spit Poison.
  2070 | D:4      | 2070 ||| INVOKING Spit Poison.
  2072 | D:4      | Reached skill level 6 in Ranged Weapons
  2082 | D:4      | 2082 ||| INVOKING Spit Poison.
  2114 | D:4      | Found a shimmering altar of Xom.
  2130 | D:4      | 2130 ||| INVOKING Spit Poison.
  2158 | D:4      | 2158 ||| INVOKING Spit Poison.
  2191 | D:4      | 2191 ||| INVOKING Spit Poison.
  2199 | D:4      | 2199 ||| INVOKING Spit Poison.
  2242 | D:4      | Found a sand-covered staircase.
  2243 | D:4      | 2243 ||| READING scroll labelled ODEQAM LUVVI.
  2244 | D:4      | 2244 ||| DRINKING 2 orange potions.
  2245 | D:4      | 2245 ||| READING 2 scrolls of identify.
  2245 | D:4      | 2245 ||| IDENTIFYING emerald potion
  2246 | D:4      | 2246 ||| DROPPING potion of magic.
  2252 | Ossuary  | Entered an ossuary
  2335 | Ossuary  | Reached XP level 7. HP: 64/64 MP: 7/7
  2411 | Ossuary  | Reached skill level 7 in Ranged Weapons
  2440 | Ossuary  | 2440 ||| READING scroll labelled ICSYQO DESYITE.
  2441 | Ossuary  | 2441 ||| READING scroll labelled ZAMECH ZOXZOWOPAU.
  2442 | Ossuary  | 2442 ||| READING 3 scrolls of identify.
  2442 | Ossuary  | 2442 ||| IDENTIFYING green potion
  2443 | Ossuary  | 2443 ||| READING 2 scrolls of identify.
  2443 | Ossuary  | 2443 ||| IDENTIFYING smoky puce potion
  2444 | Ossuary  | 2444 ||| DROPPING potion of attraction.
  2445 | Ossuary  | 2445 ||| DROPPING potion of degeneration.
  2460 | D:4      | 2460 ||| PLANNING OKAWARU WORSHIP
  2469 | D:4      | 2469 ||| INVOKING Spit Poison.
  2472 | D:4      | 2472 ||| INVOKING Spit Poison.
  2475 | D:4      | 2475 ||| INVOKING Spit Poison.
  2514 | D:4      | Became a worshipper of Warmaster Okawaru
  2515 | D:4      | 2515 ||| PLANNING D:1-11
  2574 | D:4      | Found an opulent altar of Gozag.
  2589 | D:4      | 2589 ||| INVOKING Spit Poison.
  2595 | D:4      | 2595 ||| INVOKING Spit Poison.
  2602 | D:4      | 2602 ||| INVOKING Spit Poison.
  3065 | D:5      | Entered Level 5 of the Dungeon
  3067 | D:5      | 3067 ||| INVOKING Spit Poison.
  3070 | D:5      | 3070 ||| INVOKING Spit Poison.
  3071 | D:5      | Reached skill level 1 in Armour
  3074 | D:5      | 3074 ||| INVOKING Spit Poison.
  3077 | D:5      | 3077 ||| STAIRDANCE
  3081 | D:4      | 3081 ||| INVOKING Spit Poison.
  3083 | D:4      | HP: 14/64 [iguana (9)]
  3084 | D:4      | 3084 ||| READING 3 scrolls of teleportation.
  3085 | D:4      | HP: 5/64 [iguana (3)]
  3298 | D:5      | 3298 ||| INVOKING Spit Poison.
  3335 | D:5      | 3335 ||| INVOKING Spit Poison.
  3342 | D:5      | 3342 ||| INVOKING Spit Poison.
  3381 | D:5      | 3381 ||| INVOKING Spit Poison.
  3386 | D:5      | 3386 ||| INVOKING Spit Poison.
  3393 | D:5      | 3393 ||| INVOKING Spit Poison.
  3456 | D:5      | 3456 ||| INVOKING Spit Poison.
  3525 | D:5      | 3525 ||| INVOKING Spit Poison.
  3531 | D:5      | 3531 ||| INVOKING Spit Poison.
  3536 | D:5      | 3536 ||| INVOKING Spit Poison.
  3537 | D:5      | Reached XP level 8. HP: 67/72 MP: 8/8
  3548 | D:5      | 3548 ||| INVOKING Spit Poison.
  3551 | D:5      | 3551 ||| INVOKING Spit Poison.
  3564 | D:5      | Reached skill level 8 in Ranged Weapons
  3591 | D:5      | 3591 ||| INVOKING Spit Poison.
  3594 | D:5      | 3594 ||| INVOKING Spit Poison.
  3599 | D:5      | 3599 ||| INVOKING Spit Poison.
  3650 | D:5      | 3650 ||| INVOKING Spit Poison.
  3656 | D:5      | 3656 ||| INVOKING Spit Poison.
  3660 | D:5      | 3660 ||| INVOKING Spit Poison.
  3734 | D:5      | Found a transporter.
  3735 | D:5      | Noticed qw's ghost (novice GrHu)
  3735 | D:5      | Identified the +10 giant spiked club "Buron" {protect,
                  | Fragile +Blink MP+9 Stlth+}
  3736 | D:5      | Found a transporter.
  3752 | D:5      | Found a staircase to the Ecumenical Temple.
  3970 | D:5      | 3970 ||| INVOKING Spit Poison.
  4110 | D:5      | 4110 ||| INVOKING Spit Poison.
  4116 | D:5      | 4116 ||| INVOKING Spit Poison.
  4119 | D:5      | Reached * piety under Okawaru
  4195 | D:5      | 4195 ||| INVOKING Spit Poison.
  4246 | D:5      | Found a bloodstained altar of Trog.
  4257 | D:5      | Found a shimmering blue altar of Sif Muna.
  4416 | D:5      | 4416 ||| DROPPING amulet of guardian spirit.
  4417 | D:5      | 4417 ||| UPGRADING to ring of resist corrosion.
  4488 | D:6      | 4488 ||| INVOKING Spit Poison.
  4655 | D:6      | 4655 ||| INVOKING Heroism.
  4659 | D:6      | 4659 ||| INVOKING Spit Poison.
  4666 | D:6      | Reached skill level 1 in Invocations
  4666 | D:6      | 4666 ||| Stepping ~*~*~tactically~*~*~ (cloud).
  4668 | D:6      | 4668 ||| INVOKING Heroism.
  4669 | D:6      | 4669 ||| INVOKING Spit Poison.
  4696 | D:6      | 4696 ||| INVOKING Heroism.
  4698 | D:6      | 4698 ||| INVOKING Spit Poison.
  4869 | D:6      | 4869 ||| INVOKING Spit Poison.
  4872 | D:6      | 4872 ||| INVOKING Spit Poison.
  4904 | D:6      | 4904 ||| INVOKING Spit Poison.
  4964 | D:6      | 4964 ||| INVOKING Spit Poison.
  4970 | D:6      | 4970 ||| INVOKING Spit Poison.
  4987 | D:6      | 4987 ||| INVOKING Spit Poison.
  4991 | D:6      | Reached skill level 9 in Ranged Weapons
  5101 | D:6      | Noticed Menkaure
  5102 | D:6      | 5102 ||| INVOKING Heroism.
  5109 | D:6      | Killed Menkaure
  5110 | D:6      | Reached XP level 9. HP: 81/81 MP: 8/11
  5158 | D:6      | Reached skill level 3 in Invocations
  5184 | D:6      | 5184 ||| INVOKING Spit Poison.
  5303 | D:6      | Found a sparkling altar of Nemelex Xobeh.
  5326 | D:6      | Noticed Blork the orc
  5327 | D:6      | 5327 ||| INVOKING Heroism.
  5328 | D:6      | 5328 ||| INVOKING Spit Poison.
  5336 | D:6      | 5336 ||| INVOKING Spit Poison.
  5337 | D:6      | Killed Blork the orc
  5751 | D:6      | 5751 ||| UPGRADING to +0 steam dragon scales.
  5761 | D:6      | 5761 ||| DROPPING +0 leather armour.
  5821 | D:7      | Noticed a gargoyle
  5834 | D:7      | 5834 ||| INVOKING Heroism.
  5847 | D:7      | Killed a gargoyle
  6095 | D:7      | 6095 ||| INVOKING Heroism.
  6207 | D:7      | Reached skill level 6 in Fighting
  6221 | D:7      | 6221 ||| INVOKING Heroism.
  6482 | D:7      | 6482 ||| INVOKING Spit Poison.
  6517 | D:7      | 6517 ||| INVOKING Heroism.
  6522 | D:7      | 6522 ||| INVOKING Spit Poison.
  6663 | D:7      | 6663 ||| INVOKING Heroism.
  6823 | D:7      | 6823 ||| INVOKING Spit Poison.
  6828 | D:7      | Reached skill level 10 in Ranged Weapons
  6871 | D:7      | Found a burning altar of Makhleb.
  6889 | D:7      | Found a radiant altar of Vehumet.
  7049 | D:7      | Noticed a hornet
  7050 | D:7      | 7050 ||| INVOKING Spit Poison.
  7051 | D:7      | Paralysed by a hornet for 3 turns
  7055 | D:7      | 7055 ||| INVOKING Heroism.
  7056 | D:7      | 7056 ||| INVOKING Spit Poison.
  7058 | D:7      | Paralysed by a hornet for 1 turns
  7061 | D:7      | 7061 ||| INVOKING Spit Poison.
  7061 | D:7      | Killed a hornet
  7226 | D:7      | 7226 ||| UPGRADING to +2 leather armour of cold resistance.
  7236 | D:7      | 7236 ||| DROPPING +0 steam dragon scales.
  7237 | D:7      | 7237 ||| UPGRADING to amulet of faith.
  7242 | D:7      | 7242 ||| DROPPING ring of wizardry.
  7243 | D:7      | 7243 ||| READING 3 scrolls of identify.
  7243 | D:7      | 7243 ||| IDENTIFYING black potion
  7244 | D:7      | 7244 ||| READING 2 scrolls of identify.
  7244 | D:7      | 7244 ||| IDENTIFYING fuming orange potion
  7245 | D:7      | 7245 ||| DROPPING potion of berserk rage.
  7271 | D:8      | 7271 ||| INVOKING Spit Poison.
  7273 | D:8      | 7273 ||| Stepping ~*~*~tactically~*~*~ (outnumbered).
  7275 | D:8      | 7275 ||| Stepping ~*~*~tactically~*~*~ (outnumbered).
  7276 | D:8      | 7276 ||| INVOKING Spit Poison.
  7284 | D:8      | 7284 ||| INVOKING Spit Poison.
  7292 | D:8      | 7292 ||| INVOKING Spit Poison.
  7297 | D:8      | 7297 ||| INVOKING Spit Poison.
  7304 | D:8      | Reached XP level 10. HP: 90/92 MP: 13/13
  7305 | D:8      | 7305 ||| INVOKING Spit Poison.
  7320 | D:8      | Found Lagadec's Mass Market.
  7344 | D:8      | Noticed Joseph
  7352 | D:8      | 7352 ||| INVOKING Heroism.
  7353 | D:8      | 7353 ||| INVOKING Spit Poison.
  7360 | D:8      | 7360 ||| INVOKING Spit Poison.
  7367 | D:8      | 7367 ||| INVOKING Spit Poison.
  7371 | D:8      | 7371 ||| INVOKING Spit Poison.
  7372 | D:8      | Killed Joseph
  7380 | D:8      | 7380 ||| INVOKING Heroism.
  7426 | D:8      | 7426 ||| INVOKING Heroism.
  7613 | D:8      | 7613 ||| INVOKING Spit Poison.
  7617 | D:8      | 7617 ||| INVOKING Spit Poison.
  7644 | D:8      | 7644 ||| INVOKING Spit Poison.
  7690 | D:8      | Noticed Amaemon
  7691 | D:8      | 7691 ||| INVOKING Heroism.
  7691 | D:8      | Noticed an orange demon
  7692 | D:8      | 7692 ||| INVOKING Spit Poison.
  7699 | D:8      | 7699 ||| INVOKING Spit Poison.
  7706 | D:8      | 7706 ||| INVOKING Spit Poison.
  7708 | D:8      | 7708 ||| Stepping ~*~*~tactically~*~*~ (outnumbered).
  7713 | D:8      | 7713 ||| INVOKING Spit Poison.
  7716 | D:8      | Killed Amaemon
  7716 | D:8      | Reached ** piety under Okawaru
  7719 | D:8      | 7719 ||| INVOKING Heroism.
  7721 | D:8      | Reached skill level 11 in Ranged Weapons
  7721 | D:8      | 7721 ||| INVOKING Spit Poison.
  7728 | D:8      | 7728 ||| INVOKING Spit Poison.
  7729 | D:8      | Killed an orange demon
  7823 | D:8      | 7823 ||| INVOKING Spit Poison.
  7829 | D:8      | 7829 ||| Stepping ~*~*~tactically~*~*~ (outnumbered).
  7831 | D:8      | 7831 ||| INVOKING Spit Poison.
  7836 | D:8      | 7836 ||| INVOKING Spit Poison.
  7844 | D:8      | 7844 ||| INVOKING Spit Poison.
  7846 | D:8      | 7846 ||| INVOKING Heroism.
  8052 | D:8      | Noticed a two-headed ogre
  8053 | D:8      | 8053 ||| INVOKING Heroism.
  8054 | D:8      | 8054 ||| INVOKING Spit Poison.
  8060 | D:8      | 8060 ||| INVOKING Spit Poison.
  8064 | D:8      | Killed a two-headed ogre
  8358 | D:8      | 8358 ||| UPGRADING to +3 leather armour of cold resistance.
  8368 | D:8      | 8368 ||| DROPPING +2 leather armour of cold resistance.
  8369 | D:8      | 8369 ||| READING scroll labelled MIAR FONYG.
  8369 | D:8      | Identified a scroll of acquirement
  8369 | D:8      | 8369 ||| ACQUIRING +1 barding of Cyw Esed {Will+ Dex+2}
  8369 | D:8      | Acquired the +1 barding of Cyw Esed {Will+ Dex+2}
  8371 | D:8      | 8371 ||| UPGRADING to +1 barding of Cyw Esed {Will+ Dex+2}.
  8376 | D:8      | 8376 ||| READING scroll labelled LAFESHROUSU.
  8377 | D:8      | 8377 ||| DRINKING 2 sedimented purple potions.
  8407 | D:8      | 8407 ||| DROPPING potion of lignification.
  8430 | D:9      | Noticed a kobold demonologist
  8431 | D:9      | 8431 ||| INVOKING Spit Poison.
  8436 | D:9      | 8436 ||| INVOKING Spit Poison.
  8440 | D:9      | 8440 ||| INVOKING Spit Poison.
  8441 | D:9      | 8441 ||| STAIRDANCE
  8443 | D:8      | 8443 ||| INVOKING Spit Poison.
  8447 | D:8      | 8447 ||| INVOKING Spit Poison.
  8450 | D:8      | 8450 ||| INVOKING Heroism.
  8452 | D:8      | 8452 ||| INVOKING Spit Poison.
  8456 | D:8      | Noticed a soul eater
  8458 | D:8      | Killed a kobold demonologist
  8459 | D:8      | Reached skill level 3 in Armour
  8459 | D:8      | 8459 ||| INVOKING Spit Poison.
  8561 | D:9      | 8561 ||| INVOKING Spit Poison.
  8565 | D:9      | 8565 ||| INVOKING Spit Poison.
  8572 | D:9      | 8572 ||| STAIRDANCE
  8602 | D:9      | 8602 ||| INVOKING Spit Poison.
  8606 | D:9      | 8606 ||| INVOKING Spit Poison.
  8614 | D:9      | 8614 ||| INVOKING Spit Poison.
  8616 | D:9      | 8616 ||| INVOKING Heroism.
  8623 | D:9      | 8623 ||| INVOKING Spit Poison.
  8630 | D:9      | Reached XP level 11. HP: 74/103 MP: 12/14
  8633 | D:9      | 8633 ||| INVOKING Spit Poison.
  8643 | D:9      | 8643 ||| INVOKING Spit Poison.
  8644 | D:9      | 8644 ||| INVOKING Heroism.
  8646 | D:9      | HP: 24/103 [orc priest/+0 flail (6)]
  8647 | D:9      | 8647 ||| READING 2 scrolls of teleportation.
  8650 | D:9      | Found a staircase to the Orcish Mines.
  8651 | D:9      | 8651 ||| READING scroll of teleportation.
  8652 | D:9      | 8652 ||| INVOKING Spit Poison.
  8661 | D:9      | 8661 ||| INVOKING Spit Poison.
  8698 | D:9      | 8698 ||| FLEEEEING.
  8699 | D:9      | 8699 ||| FLEEEEING.
  8700 | D:9      | 8700 ||| FLEEEEING.
  8701 | D:9      | 8701 ||| FLEEEEING.
  8702 | D:9      | 8702 ||| FLEEEEING.
  8703 | D:9      | 8703 ||| FLEEEEING.
  8704 | D:9      | 8704 ||| STAIRDANCE
  8883 | D:8      | 8883 ||| READING 2 scrolls of identify.
  8883 | D:8      | 8883 ||| IDENTIFYING fizzy white potion
  8896 | D:9      | Reached skill level 12 in Ranged Weapons
  8917 | D:9      | Noticed Grum
  8918 | D:9      | 8918 ||| INVOKING Heroism.
  8920 | D:9      | 8920 ||| INVOKING Spit Poison.
  8929 | D:9      | 8929 ||| INVOKING Spit Poison.
  8935 | D:9      | 8935 ||| INVOKING Spit Poison.
  8939 | D:9      | Reached *** piety under Okawaru
  8941 | D:9      | 8941 ||| INVOKING Spit Poison.
  8942 | D:9      | Killed Grum
  9055 | D:9      | 9055 ||| INVOKING Spit Poison.
  9146 | D:9      | 9146 ||| INVOKING Spit Poison.
  9231 | D:9      | Found a hazy altar of Hepliaklqana.
  9232 | D:9      | 9232 ||| SWAPPING to +0 orcbow.
  9233 | D:9      | 9233 ||| DROPPING +4 shortbow.
  9364 | D:9      | Identified the +0 robe "Leufoyl" {Int-4 Dex+5}
  9367 | D:9      | 9367 ||| INVOKING Spit Poison.
  9421 | D:9      | Found an ornate altar of the Wu Jian Council.
  9647 | D:9      | 9647 ||| INVOKING Heroism.
  9675 | D:9      | 9675 ||| INVOKING Heroism.
  9676 | D:9      | 9676 ||| INVOKING Spit Poison.
  9770 | D:9      | 9770 ||| UPGRADING to ring of protection from fire.
  9771 | D:9      | 9771 ||| READING scroll labelled CEISYCEROT.
  9772 | D:9      | 9772 ||| READING 3 scrolls of identify.
  9772 | D:9      | 9772 ||| IDENTIFYING bubbling grey potion
  9799 | D:10     | Entered Level 10 of the Dungeon
  9804 | D:10     | 9804 ||| STAIRDANCE
  9808 | D:9      | 9808 ||| INVOKING Heroism.
  9823 | D:9      | 9823 ||| INVOKING Heroism.
  9935 | D:10     | 9935 ||| STAIRDANCE
  9937 | D:9      | 9937 ||| INVOKING Spit Poison.
  9988 | D:10     | 9988 ||| INVOKING Spit Poison.
 10018 | D:10     | 10018 ||| READING scroll of enchant weapon.
 10018 | D:10     | 10018 ||| ENCHANTING +0 orcbow.
 10096 | D:10     | 10096 ||| INVOKING Heroism.
 10100 | D:10     | 10100 ||| INVOKING Spit Poison.
 10109 | D:10     | 10109 ||| INVOKING Spit Poison.
 10148 | D:10     | Noticed a two-headed ogre
 10149 | D:10     | 10149 ||| INVOKING Heroism.
 10150 | D:10     | 10150 ||| INVOKING Spit Poison.
 10151 | D:10     | 10151 ||| INVOKING Spit Poison.
 10155 | D:10     | 10155 ||| INVOKING Spit Poison.
 10156 | D:10     | Killed a two-headed ogre
 10157 | D:10     | Reached skill level 13 in Ranged Weapons
 10273 | D:10     | Found a runed translucent gate.
 10273 | D:10     | Found a runed translucent gate.
 10273 | D:10     | Found a runed translucent gate.
 10274 | D:10     | Noticed qw's ghost (novice NaHu)
 10275 | D:10     | Found a viscous altar of Jiyva.
 10282 | D:10     | 10282 ||| INVOKING Heroism.
 10284 | D:10     | 10284 ||| INVOKING Spit Poison.
 10294 | D:10     | 10294 ||| INVOKING Spit Poison.
 10299 | D:10     | Identified the +7 war axe "Duvomi" {flame, rPois Will+
                  | Int+4 Dex-2}
 10327 | D:10     | Found an ancient bone altar of Kikubaaqudgha.
 10540 | D:10     | 10540 ||| READING 2 scrolls of identify.
 10540 | D:10     | 10540 ||| IDENTIFYING grey potion
 10558 | D:11     | 10558 ||| INVOKING Heroism.
 10559 | D:11     | 10559 ||| INVOKING Spit Poison.
 10566 | D:11     | 10566 ||| INVOKING Spit Poison.
 10570 | D:11     | 10570 ||| INVOKING Spit Poison.
 10640 | D:11     | Found Dekydinila's Gadget Gallery.
 10720 | D:11     | 10720 ||| INVOKING Heroism.
 10845 | D:11     | Reached skill level 9 in Fighting
 10852 | D:11     | 10852 ||| INVOKING Spit Poison.
 10911 | D:11     | 10911 ||| INVOKING Spit Poison.
 10925 | D:11     | Noticed a cyan ugly thing
 10928 | D:11     | 10928 ||| INVOKING Spit Poison.
 10934 | D:11     | 10934 ||| INVOKING Heroism.
 10936 | D:11     | 10936 ||| INVOKING Spit Poison.
 10939 | D:11     | Killed a cyan ugly thing
 10945 | D:11     | Noticed Josephine
 10948 | D:11     | 10948 ||| INVOKING Spit Poison.
 10952 | D:11     | Killed Josephine
 10952 | D:11     | Reached **** piety under Okawaru
 10967 | D:11     | 10967 ||| INVOKING Heroism.
 10982 | D:11     | 10982 ||| INVOKING Heroism.
 10992 | D:11     | HP: 26/106 [wraith[Josephine] (5)]
 10993 | D:11     | 10993 ||| DRINKING 3 potions of heal wounds.
 11009 | D:11     | 11009 ||| INVOKING Heroism.
 11011 | D:11     | 11011 ||| INVOKING Spit Poison.
 11017 | D:11     | Noticed a boulder beetle
 11021 | D:11     | 11021 ||| INVOKING Spit Poison.
 11028 | D:11     | 11028 ||| INVOKING Spit Poison.
 11030 | D:11     | 11030 ||| INVOKING Heroism.
 11036 | D:11     | 11036 ||| INVOKING Spit Poison.
 11042 | D:11     | Killed a boulder beetle
 11298 | D:11     | Noticed a two-headed ogre
 11299 | D:11     | 11299 ||| INVOKING Heroism.
 11301 | D:11     | 11301 ||| INVOKING Spit Poison.
 11306 | D:11     | 11306 ||| INVOKING Spit Poison.
 11309 | D:11     | Killed a two-headed ogre
 11310 | D:11     | Reached XP level 12. HP: 114/114 MP: 13/15
 11328 | D:11     | Found a staircase to the Lair.
 11338 | D:11     | 11338 ||| READING scroll of enchant weapon.
 11338 | D:11     | 11338 ||| ENCHANTING +1 orcbow.
 11510 | D:11     | 11510 ||| INVOKING Heroism.
 11715 | D:11     | 11715 ||| PLANNING LAIR
 11756 | Lair:1   | Entered Level 1 of the Lair of Beasts
 11786 | Lair:1   | Reached skill level 14 in Ranged Weapons
 11791 | Lair:1   | Identified the +7 short sword of Avirudeh {pain, rF+ Dex+4}
 11825 | Lair:1   | 11825 ||| INVOKING Heroism.
 11990 | Lair:1   | Noticed a catoblepas
 11991 | Lair:1   | 11991 ||| INVOKING Heroism.
 11995 | Lair:1   | 11995 ||| Stepping ~*~*~tactically~*~*~ (cloud).
 11996 | Lair:1   | 11996 ||| Stepping ~*~*~tactically~*~*~ (cloud).
 12002 | Lair:1   | 12002 ||| Stepping ~*~*~tactically~*~*~ (cloud).
 12003 | Lair:1   | HP: 22/114 [catoblepas (18)]
 12004 | Lair:1   | 12004 ||| READING scroll of teleportation.
 12005 | Lair:1   | 12005 ||| DRINKING 2 potions of heal wounds.
 12006 | Lair:1   | Killed a catoblepas
 12006 | Lair:1   | Received a gift from Okawaru
 12189 | Lair:1   | 12189 ||| INVOKING Heroism.
 12212 | Lair:1   | HP: 17/114 [tyrant leech (18)]
 12213 | Lair:1   | 12213 ||| DRINKING potion of heal wounds.
 12217 | Lair:1   | HP: 14/114 [tyrant leech (7)]
 12218 | Lair:1   | Mangled by a tyrant leech

Levels and vault maps discovered:
D:1:      psy_arrival_spokes, layout_rooms, reono_crystal_passage,
          kennysheep_flooded_box, minivault_4, minmay_tripent
D:2:      layout_rooms, basic_ecumenical_altar, kennysheep_cluttered_room,
          cheibrodos_gnoll_hut
D:3:      layout_basic, zin_scriptorium
D:4:      layout_basic, amcnicky_altar_gilded, mainiacjoe_overflow_chevrons,
          nicolae_overflow_two_pavilions, kennysheep_okawaru_gauntlet,
          nicolae_ossuary_entry_plus
D:5:      layout_basic, nzn_overflow_gifts_of_might_and_magic,
          minmay_temple_entry_grid, gammafunk_ghost_smash, serial_bayou_pond_e
D:6:      layout_layer_cave, nemelex_diamond_rough_becter,
          amcnicky_mini_pool_small, uniq_menkaure, uniq_blork_the_orc
D:7:      layout_basic, grunt_temple_overflow_lords_of_destruction
D:8:      layout_loops_ring, minmay_shop_mass, st_stairs_14,
          hangedman_decor_riveting, uniq_joseph, uniq_amaemon
D:9:      layout_irregular_city, nicolae_wu_jian_glorious_leap,
          nicolae_overflow_crystal_walls, erik_orc_4, uniq_grum
D:10:     layout_cave_pools, mainiacjoe_overflow_cross_hatched,
          gammafunk_ghost_ooze
D:11:     layout_gridville, grunt_lair_entry_orc_guard_hut,
          nicolae_shop_gadgets, uniq_josephine
Lair:1:   layout_hall_layers, worms_lemuel, grunt_megastairs_2, uniq_harold

Skill      XL: |  1  2  3  4  5  6  7  8  9 10 11 12 |
---------------+-------------------------------------+-----
Ranged Weapons | 4 5 6 7 9 10 11 13 14 | 14.0
Fighting       | 4 5 6 8 9 |  9.0
Dodging        | 2 4 5 |  5.2
Armour         | 1 2 3 4 |  4.2
Invocations    | 2 4 5 |  5.8
Stealth        | |  1.5

Action                     |  1- 3 |  4- 6 |  7- 9 | 10-12 || total
---------------------------+-------+-------+-------+-------++-------
   Fire: Shortbow          |    72 |    90 |   334 |   252 ||   748
         Orcbow            |       |       |       |   330 ||   330
 Invoke: Heroism           |       |       |    11 |    30 ||    41
Ability: Spit Poison       |    29 |    23 |    56 |    67 ||   175
    Use: Scroll            |     3 |     9 |     7 |    11 ||    30
         Potion            |     1 |     2 |       |     4 ||     7
 Armour: Leather armour    |    15 |     4 |    62 |   213 ||   294
         Steam dragon scal |       |       |    13 |       ||    13
  Dodge: Dodged            |    29 |    13 |   127 |   245 ||   414

Table legend:
 A = Non-vault XP
 B = Vault XP
 C = Vault XP percentage of total XP
 D = Non-vault monster count
 E = Vault monster count
 F = Vault count percentage of total count
                 A         B        C        D         E       F
            +---------+---------+-------+---------+---------+-------
      Total |   16376 |    5805 |  26.2 |     208 |      60 |  22.4
            +---------+---------+-------+---------+---------+-------
        D:1 |      63 |       6 |   8.7 |      29 |       2 |   6.5
        D:2 |      17 |      19 |  52.8 |      10 |       3 |  23.1
        D:3 |     201 |       0 |   0.0 |      13 |       0 |   0.0
        D:4 |     387 |       4 |   1.0 |      25 |       2 |   7.4
        D:5 |     591 |     165 |  21.8 |      16 |       2 |  11.1
        D:6 |     763 |     272 |  26.3 |      18 |       2 |  10.0
        D:7 |    1706 |      48 |   2.7 |      18 |       1 |   5.3
        D:8 |    2608 |    1852 |  41.5 |      33 |       5 |  13.2
        D:9 |    1998 |    1163 |  36.8 |      19 |      21 |  52.5
       D:10 |    2015 |       0 |   0.0 |      11 |       0 |   0.0
       D:11 |    3649 |    1932 |  34.6 |       9 |       8 |  47.1
     Lair:1 |    2378 |     157 |   6.2 |       7 |       1 |  12.5
    Ossuary |       0 |     187 | 100.0 |       0 |      13 | 100.0
            +---------+---------+-------+---------+---------+-------
